 Dungeon Crawl Stone Soup version 0.16.2-12-gd0ad4c3 (webtiles) character file.

437 Seneschal the Magician (level 6, 0/32 HPs)
             Began as a Deep Elf Wizard on Sept 22, 2015.
             Succumbed to Seneschal's ghost's sting
             ... on level 4 of the Dungeon.
             The game lasted 00:23:38 (3483 turns).

Seneschal the Magician (Deep Elf Wizard)            Turns: 3483, Time: 00:23:38

Health: 0/32       AC:  3    Str:  4    XL:     6   Next: 69%
Magic:  23/23      EV: 13    Int: 25    God:
Gold:   246        SH:  0    Dex: 13    Spells: 2 memorised, 15 levels left

rFire  . . .     SeeInvis .     u - +3 quarterstaff (chaos)
rCold  . . .     Clarity  .     a - +0 robe
rNeg   . . .     SustAb   .     (no shield)
rPois  .         Gourm    .     b - +1 hat
rElec  .         Spirit   .     (no cloak)
rCorr  .         Warding  .     (no gloves)
rMut   .         Stasis   .     (no boots)
MR     .....                    (no amulet)
Stlth  ++........               (no ring)
                                n - ring of stealth

@: confused, lethally poisoned (0 -> -8), very slightly contaminated, hasted,
very quick, not resistant to hostile enchantments, unstealthy
A: no striking features
a: no special abilities


You were on level 4 of the Dungeon.
You were very hungry.

You visited 1 branch of the dungeon, and saw 4 of its levels.

You collected 246 gold pieces.

Inventory:

Hand weapons
 u - a +3 quarterstaff of chaos (weapon)
Armour
 a - a +0 robe (worn)
 b - a +1 hat (worn)
 v - a cursed +0 cloak
Jewellery
 n - a ring of stealth (left hand)
Magical devices
 f - a wand of digging (14)
Scrolls
 h - a scroll of amnesia {unknown}
 i - 2 scrolls of identify
 j - 5 scrolls of remove curse
 k - 3 scrolls of magic mapping
 r - 3 scrolls of teleportation {unknown}
 s - a scroll of blinking {unknown}
 t - a scroll of random uselessness {unknown}
 y - a scroll of enchant armour
Potions
 e - 2 potions of flight
 m - a potion of agility
Books
 c - a book of Minor Magic

   Spells                             Type                      Level
   a - Magic Dart                     Conjuration                  1
   b - Blink                          Translocation                2
   c - Call Imp                       Summoning                    2
   d - Repel Missiles                 Charms/Air                   2
   e - Slow                           Hexes                        2
   f - Conjure Flame                  Conjuration/Fire             3
   g - Mephitic Cloud                 Conjuration/Poison/Air       3
 o - a book of Burglary

   Spells                             Type                      Level
   a - Swiftness                      Charms/Air                   2
   b - Passwall                       Transmutation/Earth          3
   c - Passage of Golubria            Translocation                4
   d - Lee's Rapid Deconstruction     Earth                        5
   e - Invisibility                   Hexes                        6
   f - Darkness                       Hexes                        7
Comestibles
 d - 2 bread rations
 g - a royal jelly
 l - a slice of pizza
 x - a beef jerky


   Skills:
 + Level 3.6 Dodging
 - Level 2.4 Stealth
 + Level 7.1 Spellcasting
 * Level 5.5 Conjurations
   Level 1.1 Summonings
   Level 1.1 Translocations


You had 15 spell levels left.
You knew the following spells:

 Your Spells              Type           Power        Failure   Level  Hunger
a - Magic Dart            Conj           ####         1%          1    None
b - Conjure Flame         Conj/Fire      ###.....     8%          3    None


Dungeon Overview and Level Annotations

Branches:
Dungeon (4/15)
 Temple: D:4-7

Altars:
Trog

Annotations:
D:4 Seneschal's ghost, average DrVM


Message History

You are engulfed in noxious fumes.
You choke on the stench!
You are more confused.
You feel sick. Something hits you.
You are very lightly contaminated with residual magic.
Drink which item? (? for menu, Esc to quit)
It was a potion of magic.
Magic courses through your body.
You are engulfed in noxious fumes.
You choke on the stench!
You are more confused.
* * * LOW HITPOINT WARNING * * *
Something hits you.
* * * LOW HITPOINT WARNING * * *
You're too confused!
You miss something.
You are engulfed in noxious fumes.
You choke on the stench!
You are more confused.
* * * LOW HITPOINT WARNING * * *
You hear some strange, mumbled words.
The sting hits you!
You are lethally poisoned!
* * * LOW HITPOINT WARNING * * *
You die...

.## #. ..# #. #.# ##'## #.#
.# ##...## ###.###.#
##.....##
........###.......##
##....####....ยงยงยง.<###...
.........'......{..'.....
##....####......@..####..
#.#.## ##<.....$## #.###
##.....## #.# ##...## #.#
##'## #.# #.# #.#########
#.# #....>....###.##
###.##.##.##...##


There were no monsters in sight!

Vanquished Creatures
  An ogre (D:4)
  An ice beast (D:3)
  Crazy Yiuf (D:2)
  An iguana (D:4)
  2 orc wizards (D:4)
  A worker ant (D:4)
  An adder (D:3)
  8 worms
  2 giant geckos
  2 orcs (D:4)
  11 bats
  17 goblins
  12 hobgoblins
  3 jackals (D:2)
  4 giant cockroaches
  4 giant newts
  15 kobolds
  4 quokkas
  15 rats
105 creatures vanquished.

Notes
Turn   | Place    | Note
--------------------------------------------------------------
     0 | D:1      | Seneschal, the Deep Elf Wizard, began the quest for the Orb.
     0 | D:1      | Reached XP level 1. HP: 10/10 MP: 6/6
   130 | D:1      | Reached XP level 2. HP: 15/15 MP: 0/10
   153 | D:1      | Reached skill level 5 in Spellcasting
   938 | D:2      | Reached XP level 3. HP: 11/19 MP: 1/14
  1492 | D:2      | Learned a level 3 spell: Conjure Flame
  1594 | D:2      | Reached XP level 4. HP: 20/24 MP: 3/17
  1675 | D:2      | Noticed Crazy Yiuf
  1811 | D:2      | Killed Crazy Yiuf
  1811 | D:2      | Reached skill level 6 in Spellcasting
  1946 | D:3      | Noticed an ice beast
  2020 | D:3      | Killed an ice beast
  2020 | D:3      | Reached XP level 5. HP: 28/28 MP: 0/20
  2573 | D:3      | Noticed a moth of wrath
  2576 | D:3      | Found a bloodstained altar of Trog.
  2766 | D:4      | Noticed an ogre
  2772 | D:4      | Killed an ogre
  2772 | D:4      | Reached skill level 5 in Conjurations
  2772 | D:4      | Reached XP level 6. HP: 32/32 MP: 16/22
  3230 | D:4      | Reached skill level 7 in Spellcasting
  3464 | D:4      | Noticed Seneschal's ghost (average DrVM)
  3482 | D:4      | HP: 1/32 [something/sting (5)]
  3483 | D:4      | Succumbed to Seneschal's ghost's sting

Action                   |  1- 3 |  4- 6 || total
-------------------------+-------+-------++-------
Melee: Unarmed           |    14 |     1 ||    15
       Quarterstaff      |       |    46 ||    46
 Cast: Magic Dart        |   131 |   141 ||   272
       Conjure Flame     |     1 |     7 ||     8
  Use: Potion            |       |     9 ||     9
       Scroll            |       |     4 ||     4
 Stab: Paralysed         |       |     1 ||     1
  Eat: Fruit             |     1 |     1 ||     2
       Chunk             |     1 |     4 ||     5
